 Dungeon Crawl Stone Soup version 0.28-a0-224-g76b539d98b (webtiles) character file.

Game seed: 1890982519836577749

308 timneilson the Covered (level 6, -1/38 HPs)
             Began as a Gargoyle Fighter on Aug 21, 2021.
             Slain by an ogre (27 damage)
             ... on level 4 of the Dungeon.
             The game lasted 00:05:07 (2852 turns).

timneilson the Covered (Gargoyle Fighter)           Turns: 2852, Time: 00:05:08

Health: -1/38      AC: 12    Str: 21    XL:     6   Next: 40%
Magic:  6/6        EV:  7    Int:  9    God:
Gold:   138        SH:  8    Dex:  9    Spells: 5/5 levels left

rFire   . . .      SeeInvis .   a - +1 long sword
rCold   . . .      Faith    .   c - +0 kite shield
rNeg    + . .      Spirit   .   b - +0 scale mail
rPois   ∞          Reflect  .   (no helmet)
rElec   +          Harm     .   d - +0 cloak
rCorr   .          Rampage  .   (no gloves)
Will    .....                   (no boots)
Stlth   ..........              (no amulet)
HPRegen 0.12/turn               (no ring)
MPRegen 0.10/turn               (no ring)

@: no status effects
A: sickness immunity, AC +4, negative energy resistance 1, electricity
resistance, torment resistance 1, petrification resistance
a: no special abilities


You were on level 4 of the Dungeon.
You visited 1 branch of the dungeon, and saw 4 of its levels.

You collected 138 gold pieces.

Inventory:

Hand Weapons
 a - a +1 long sword (weapon)
Armour
 b - a +0 scale mail (worn)
 c - a +0 kite shield (worn)
 d - a +0 cloak (worn)
Scrolls
 f - 2 scrolls of teleportation
 g - a scroll of magic mapping
 k - a scroll of identify
Potions
 e - 3 potions of cancellation
 h - 2 potions of heal wounds
 i - a potion of invisibility {unknown}
 j - a potion of curing {unknown}
 l - a potion of attraction {unknown}


   Skills:
 + Level 4.2 Fighting
 * Level 3.5 Long Blades
 * Level 5.0 Armour
 * Level 4.8 Shields


You had 5 spell levels left.
You didn't know any spells.
Your spell library was empty.

Dungeon Overview and Level Annotations

Branches:
Dungeon (4/15)
 Temple: D:4-7

Altars:
Kikubaaqudgha


Innate Abilities, Weirdness & Mutations

You are immune to sickness and miasma.
Your stone body is resilient. (AC +4)
You are immune to poison.
You resist negative energy. (rN+)
You are resistant to electric shocks. (rElec)
You are resistant to unholy torment.
You are immune to petrification.


Message History

No target in view!
No target in view!
No target in view!
No target in view!
No target in view!
No target in view!
No target in view!
No target in view!
No target in view!
No target in view!
No target in view!
You see here a bat corpse.
Done exploring.
Done exploring.
Okay, then.
There is a stone staircase leading down here.
You climb downwards.
Found a stone staircase leading down.
There is a stone staircase leading up here.
There is a stone staircase leading down here.
You open the door.
There is an open door here.
Found a scroll of identify.
k - a scroll of identify
Found a purple potion.
l - a purple potion You see here 24 stones.
An ogre comes into view. It is wielding a +0 giant club.
The ogre shouts!
The ogre moves out of view.
Okay, then.
The ogre hits you with a +0 giant club!
You slash the ogre!
The ogre is moderately wounded.
The ogre barely misses you.
You slash the ogre!
The ogre is severely wounded.
The ogre hits you with a +0 giant club!!
Ouch! That really hurt!
You die...

#.# ########.#
......##.# # #.
#..##.# ####
#.#.##..##.##### #...
#.#.#..........###.##
#.......#...##.....#
#...##...(...#####.##
#...@...#...## #...
#..O##.###.## ###.
#........# #.# ####.
###..##### #.# #....
#... ##+## #.##.
#.... ##...## #.##.
##.. ##.....## #.##.
#.. ##.......###.##.
#.........##.#..


You could see an ogre.

Vanquished Creatures
  Sigmund (D:2)
  A jelly (D:1)
  An iguana (D:3)
  2 adders
  A worm (D:3)
  6 ball pythons
  A bat zombie (D:3)
  8 endoplasms
  7 giant cockroaches
  4 goblins
  9 hobgoblins
  A jackal (D:1)
  5 quokkas
  5 bats
  A frilled lizard (D:1)
  5 kobolds
  11 rats
  3 rat zombies (D:3)
72 creatures vanquished.

Vanquished Creatures (others)
  7 plants (D:2)
7 creatures vanquished.

Grand Total: 79 creatures vanquished

Notes
Turn   | Place    | Note
-------+----------+-------------------------------------------
     0 | D:1      | timneilson the Gargoyle Fighter began the quest for the
                  | Orb.
     0 | D:1      | Reached XP level 1. HP: 14/14 MP: 1/1
     1 | D:1      | Found a runed translucent door.
   108 | D:1      | Reached XP level 2. HP: 15/19 MP: 2/2
   383 | D:1      | Found a faded altar of an unknown god.
   806 | D:1      | Reached XP level 3. HP: 11/23 MP: 3/3
  1030 | D:1      | Reached skill level 4 in Armour
  1031 | D:1      | Reached XP level 4. HP: 22/28 MP: 4/4
  1346 | D:2      | Noticed Sigmund
  1372 | D:2      | Killed Sigmund
  1373 | D:2      | Reached XP level 5. HP: 18/33 MP: 5/5
  1373 | D:2      | Reached XP level 6. HP: 20/38 MP: 6/6
  2373 | D:3      | Reached skill level 5 in Armour
  2624 | D:3      | Found an ancient bone altar of Kikubaaqudgha.
  2852 | D:4      | Slain by an ogre

Illustrated notes

Levels and vault maps discovered:
D:1:      dpeg_arrival_caged_fury, layout_rooms, basic_ecumenical_altar
D:2:      layout_loops_corners, chequers_serial_rivers_micro_e,
          minmay_liquid_box, serial_bayou_lagoon_a,
          kennysheep_decorative_pillar, uniq_sigmund
D:3:      layout_rooms, lemuel_zombie_altar_kikubaaqudgha
D:4:      layout_loops_corners, grunt_temple_overflow_diamond

Skill      XL: |  1  2  3  4  5  6 |
---------------+-------------------+-----
Long Blades    | 2 3 |  3.5
Armour         | 4 5 |  5.0
Fighting       | 4 |  4.2
Shields        | 4 |  4.8

Action                   |  1- 3 |  4- 6 || total
-------------------------+-------+-------++-------
Melee: Long sword        |    88 |   131 ||   219
  Use: Potion            |     1 |     1 ||     2
       Scroll            |       |     6 ||     6
Armor: Scale mail        |    52 |    83 ||   135
Dodge: Dodged            |    30 |    50 ||    80
Block: Kite shield       |    40 |    66 ||   106
       Rpst.: Long sword |     9 |    16 ||    25

Table legend: (Time is in decaauts)
 A = Elapsed time spent in this place.
 B = Non-inter-level travel time spent in this place.
 C = Inter-level travel time spent in this place.
 D = Time resting spent in this place.
 E = Time spent auto-exploring this place.
 F = Levels seen in this place.
 G = Mean time per level.
                   A        B        C        D        E       F      G
               +--------+--------+--------+--------+--------+-----+--------+
         Total |   2966 |   2946 |     20 |      0 |   2256 |   4 |  741.5 |
       Dungeon |   2966 |   2946 |     20 |      0 |   2256 |   4 |  741.5 |
               +--------+--------+--------+--------+--------+-----+--------+

Top non-repeatable levels by time:
     D:2: 1280 daAuts
     D:1: 1109 daAuts
     D:3: 513 daAuts
     D:4: 64 daAuts
